 Dungeon Crawl Stone Soup version 0.28.0-1-gb440e238dd (webtiles) character file.

Game seed: 11056546688943443304

1680 zeram the Slicer (level 9, -1/56 HPs)
             Began as an Octopode Fighter on Feb 23, 2022.
             Succumbed to Dowan's poison
             ... on level 5 of the Dungeon.
             The game lasted 00:10:38 (6954 turns).

zeram the Slicer (Octopode Fighter)                 Turns: 6954, Time: 00:10:39

Health: -1/56      AC:  1    Str: 21    XL:     9   Next: 2%
Magic:  9/9        EV: 15    Int: 14    God:
Gold:   240        SH:  5    Dex: 12    Spells: 8/8 levels left

rFire   . . .      SeeInvis .   k - +0 dagger
rCold   . . .      Faith    .   b - +0 buckler
rNeg    . . .      Spirit   .   (helmet restricted)
rPois   .          Reflect  .   (no amulet)
rElec   .          Harm     .   d - +4 ring of slaying
rCorr   .          Rampage  .   m - +6 ring of strength
Will    .....                   (no ring)
Stlth   +++.......              (no ring)
HPRegen 0.18/turn               (no ring)
MPRegen 0.11/turn               (no ring)
                                (no ring)
                                (no ring)

@: brilliant, lethally poisoned (-1 -> -18), hasted, invisible, very quick
A: almost no armour, amphibious, 8 rings, camouflage 1, gelatinous body 1,
(nimble swimmer 1), tentacles
a: no special abilities


You were on level 5 of the Dungeon.
You visited 1 branch of the dungeon, and saw 6 of its levels.
You also visited: Sewer.

You collected 240 gold pieces.

Inventory:

Hand Weapons
 k - a +0 dagger (weapon)
Armour
 b - a +0 buckler (worn)
Jewellery
 d - a +4 ring of slaying (left tentacle)
 m - a +6 ring of strength (right tentacle)
Scrolls
 a - a scroll of immolation
 e - a scroll of blinking
 g - a scroll of teleportation
Potions
 c - a potion of resistance {unknown}
 f - 2 potions of mutation
 h - a potion of brilliance
 i - a potion of lignification
 j - a potion of degeneration


   Skills:
 - Level 3.0 Fighting
 + Level 8.0 Short Blades
 + Level 6.8 Dodging
 + Level 4.0 Stealth
 + Level 5.1 Shields


You had 8 spell levels left.
You didn't know any spells.
Your spell library contained the following spells:

 Spells                   Type           Power      Damage    Failure   Level
 Shock                    Conj/Air       0%         1d3       36%         1
 Stone Arrow              Conj/Erth      0%         3d7       73%         3
 Swiftness                Air            0%         N/A       73%         3
 Airstrike                Air            0%         N/A       98%         4
 Lehudib's Crystal Spear  Conj/Erth      0%         10d2      100%        8
 Animate Armour           Summ/Erth      Unusable   N/A       N/A         4

Dungeon Overview and Level Annotations

Branches:
Dungeon (6/15)              Sewer (visited)
 Temple: D:4-7

Altars:
Ashenzari
Dithmenos
Fedhas
Trog

Shops:
D:3 [

Annotations:
D:4 Edmund
D:5 Dowan


Innate Abilities, Weirdness & Mutations

You cannot wear most types of armour.
You are amphibious.
You can wear up to eight rings at the same time.
Your skin changes colour to match your surroundings (Stealth+).
Your rubbery body absorbs attacks. (AC +1, EV +1)
((You are camouflaged when in or above water. (Stealth+)))
You have tentacles for arms and can constrict up to eight enemies at once.


Message History

Duvessa is almost dead.
You constrict Duvessa.
Duvessa zaps a wand.
Your mind is blasted!
You hit Duvessa but do no damage.
Duvessa is almost dead.
You constrict Duvessa.
You kill Duvessa!
You hear a distant wail of despair.
Your Short Blades skill increases to level 8!
Your Stealth skill increases to level 4!
You have reached level 9!
Your experience leads to an increase in your attributes!
Your base attributes are Str 15, Int 12, Dex 12.
Increase (S)trength, (I)ntelligence, or (D)exterity?
You feel clever. x2
Dowan seems to find hidden reserves of power!
Items here: )) / [.
Found a Trismegistus Codex and a chain mail.
Dowan barely misses you.
You hit Dowan but do no damage. Your grab misses Dowan. You closely miss Dowan.
You grab Dowan. You tentacle-slap Dowan.
Dowan is lightly wounded.
You constrict Dowan.
Dowan hits you with a +1 dagger of venom.
You are poisoned.
You puncture Dowan!
Dowan is heavily wounded.
You constrict Dowan.
You feel sick. Dowan casts a spell at you. The shard of ice hits you!!
* * * LOW HITPOINT WARNING * * *
It was a potion of brilliance.
You feel clever all of a sudden.
You constrict Dowan.
You feel sick.
Dowan hits you with a +1 dagger of venom.
* * * LOW HITPOINT WARNING * * *
You are more poisoned.
It was a potion of invisibility.
You fade into invisibility!
You constrict Dowan.
You die...

#.##.# #...............### #.##.#
#.####.....####.)# ..##.#
#.#,,##...##.[#..#######
#.##.#####.#,,.##.##...#.........
#.##.......##,,.#.#...##..##.....
............##,'#.#'.##..........
#.##.........###...###....##.....
.[#######(...()).8........##.....
..# ##...###@..###.......#### #.#
#..##.'#e#'.##...##### # #.#
#.##...#.#,..##..##..### #.#
###.#...##.##,,.#..#.....# ..#
#...#:.##...##,,#.#...##.. ###
#...####.....####.#..##... #
####.#..................#._.. #
#...>...##.......#......##... #
#.##.............#####...##..


You could see Dowan (fast).

Vanquished Creatures
  A steam dragon (D:5)
  Menkaure (D:5)
  Duvessa (D:5)
  Pargi (Sewer)
  A sky beast (D:5)
  2 necrophages (D:5)
  An ice beast (D:5)
  An ogre (D:4)
  A centaur (D:5)
  A phantom (D:5)
  2 howler monkeys (D:5)
  2 bullfrog skeletons (D:5)
  A hound (D:5)
  A jelly (D:5)
  2 orc priests
  3 iguanas
  4 orc wizards
  6 gnolls
  2 river rats (D:5)
  5 adders
  An adder skeleton (D:4)
  A worm (D:5)
  2 dart slugs (D:5)
  9 orcs
  5 ball pythons
  8 bats
  5 endoplasms
  5 giant cockroaches
  4 goblins
  5 hobgoblins
  12 kobolds
  6 quokkas
  6 frilled lizards
  4 rats
112 creatures vanquished.

Vanquished Creatures (others)
  An orc (D:5)
  A quokka (D:5)
  6 plants
8 creatures vanquished.

Grand Total: 120 creatures vanquished

Notes
Turn   | Place    | Note
-------+----------+-------------------------------------------
     0 | D:1      | zeram the Octopode Fighter began the quest for the Orb.
     0 | D:1      | Reached XP level 1. HP: 16/16 MP: 1/1
   204 | D:1      | Reached XP level 2. HP: 17/21 MP: 2/2
  1110 | D:1      | Reached XP level 3. HP: 26/26 MP: 3/3
  1988 | D:3      | Found Peuvviut's Antique Armour Shoppe.
  2224 | D:3      | Reached XP level 4. HP: 23/31 MP: 4/4
  2229 | D:3      | Reached skill level 3 in Short Blades
  3125 | D:3      | Found a blossoming altar of Fedhas.
  3196 | D:4      | Reached XP level 5. HP: 36/36 MP: 5/5
  3572 | D:4      | Reached skill level 4 in Short Blades
  3930 | D:4      | Reached XP level 6. HP: 26/42 MP: 6/6
  4418 | D:4      | Noticed Edmund
  4419 | D:4      | Noticed an orc warrior
  4420 | D:4      | Found a bloodstained altar of Trog.
  4446 | D:5      | Entered Level 5 of the Dungeon
  4465 | D:5      | Found a glowing drain.
  4474 | Sewer    | Entered a sewer
  4846 | Sewer    | Noticed Pargi
  4860 | Sewer    | Killed Pargi
  4861 | Sewer    | Reached skill level 5 in Short Blades
  4861 | Sewer    | Reached skill level 5 in Dodging
  4861 | Sewer    | Reached XP level 7. HP: 21/46 MP: 7/7
  5316 | D:5      | Found a shadowy altar of Dithmenos.
  5356 | D:5      | Reached skill level 6 in Short Blades
  5425 | D:5      | Found a broken altar of Ashenzari.
  5677 | D:5      | Reached XP level 8. HP: 31/52 MP: 8/8
  5813 | D:5      | Reached skill level 1 in Stealth
  5985 | D:5      | Reached skill level 7 in Short Blades
  6310 | D:5      | Noticed Dowan
  6742 | D:5      | Identified the +1 leather armour of the Earth {rF+ Int+4}
  6793 | D:5      | Noticed Menkaure
  6800 | D:5      | Killed Menkaure
  6801 | D:5      | Reached skill level 5 in Shields
  6830 | D:5      | Noticed Duvessa
  6947 | D:5      | Killed Duvessa
  6948 | D:5      | Reached skill level 8 in Short Blades
  6948 | D:5      | Reached XP level 9. HP: 33/56 MP: 9/9
  6953 | D:5      | HP: 2/56 [Dowan (5)]
  6954 | D:5      | Succumbed to Dowan's poison

Illustrated notes

Levels and vault maps discovered:
D:1:      dpeg_arrival_simpleton_a, layout_loops_corners,
          chequers_serial_rivers_marsh, lexackson_kobold_supper
D:2:      layout_basic
D:3:      layout_loops_corners, lemuel_doored_altar, serial_shops, shop,
          serial_bayou_crossing
D:4:      layout_basic, nzn_overflow_gifts_of_might_and_magic, uniq_edmund
D:5:      cheibrodos_barr_body, layout_loops_cross,
          nicolae_dithmenos_through_a_glass_darkly, ashenzari_altar_1,
          portal_sewer_entry_a, kennysheep_generic_room_12, uniq_menkaure,
          uniq_duvessa
D:6:      layout_loops_corners, minmay_temple_entry_grid

Skill      XL: |  1  2  3  4  5  6  7  8 |
---------------+-------------------------+-----
Short Blades   | 3 4 5 6 8 |  8.0
Dodging        | 4 5 6 |  6.8
Shields        | 4 5 |  5.1
Stealth        | 4 |  4.0
Fighting       | |  3.0

Action                   |  1- 3 |  4- 6 |  7- 9 || total
-------------------------+-------+-------+-------++-------
Melee: Rapier            |    71 |       |       ||    71
       Constrict         |    19 |    18 |    24 ||    61
       Tentacles         |    12 |    25 |    33 ||    70
       Dagger            |     3 |   117 |   128 ||   248
       Punch             |       |     1 |     3 ||     4
  Use: Scroll            |     6 |     7 |       ||    13
       Potion            |       |     3 |     3 ||     6
 Stab: Sleeping          |     6 |     7 |     4 ||    17
Armor: Skin              |     6 |     6 |     6 ||    18
Dodge: Dodged            |    45 |    53 |    47 ||   145
Block: Buckler           |    11 |    16 |    13 ||    40
